Map: Automaton LE

Players

Odin - Winner!

  • Race: Protoss Protoss
  • League: Gold
  • Spawn Location: 3:00

Ted

  • Race: Terran Terran
  • League: Platinum
  • Spawn Location: 9:00

VOD

Have the link to the VOD?

Description

Time

  • Played on: Dec. 6, 2018, 10:46 a.m.
  • Length: 16:38
Show
View Real Time Build Order
Export as new Build Order

Odin Protoss - Winner!

Build Orders: Oracle Opening 

Get SALT Encoding   

  12  0:02  Probe  
  13  0:17  Probe, Pylon  
  14  0:26  Probe  
  15  0:38  Gateway  
  15  0:47  Probe  
  16  0:54  Assimilator  
  16  0:59  Probe  
  17  1:15  Probe  
  18  1:27  Probe  
  18  1:28  Cybernetics Core  
  19  1:38  Pylon  
  19  1:39  Probe  
  20  1:45  Gateway  
  20  1:47  Assimilator  
  20  1:51  Probe  
  21  2:03  Probe  
  21  2:05  Adept  
  24  2:13  Probe  
  25  2:21  Probe  
  25  2:24  Warp Gate  
  25  2:29  Probe  
  26  2:35  Stargate  
  26  2:36  Adept  
  29  2:39  Adept  
  31  3:02  Pylon  
  31  3:20  Probe  
  32  3:30  Oracle  
  32  3:31  Nexus  
  32  3:33  Pylon  
  35  3:34  Pylon  
  35  3:59  Probe  
  32  4:08  Gateway  
  32  4:10  Gateway  
  32  4:11  Probe  
  32  4:12  Oracle  
  33  4:23  Probe  
  37  4:26  Stalker x2  
  41  4:35  Probe  
  42  4:47  Probe  
  43  4:54  Probe  
  43  4:58  Shield Battery  
  43  4:59  Probe  
  45  5:00  Stalker  
  45  5:01  Stalker  
  45  5:06  Probe  
  50  5:11  Probe  
  51  5:18  Probe  
  52  5:23  Probe  
  50  5:47  Stalker x2  
  50  5:48  Stalker x2  
  58  5:53  Oracle  
  61  5:58  Probe x2  
  61  6:01  Assimilator  
  63  6:04  Assimilator  
  63  6:08  Forge  
  63  6:10  Robotics Facility, Probe, Forge  
  64  6:17  Pylon  
  64  6:18  Pylon  
  64  6:20  Pylon  
  64  6:23  Probe x2  
  66  6:36  Phoenix  
  68  6:41  Stargate  
  68  6:46  Protoss Ground Weapons Level 1  
  68  6:47  Protoss Shields Level 1  
  68  6:48  Zealot x3  
  71  7:22  Probe x2  
  68  7:30  Zealot x4  
  68  7:33  Phoenix x2  
  68  7:36  Immortal  
  84  7:38  Pylon  
  84  7:40  Pylon  
  84  7:43  Gateway  
  84  7:47  Shield Battery  
  84  7:49  Gateway  
  84  8:05  Nexus  
  84  8:11  Twilight Council  
  84  8:15  Phoenix  
  84  8:17  Phoenix  
  88  8:38  Pylon  
  88  8:42  Phoenix x2  
  88  8:47  Charge  
  92  8:55  Templar Archives  
  92  8:57  Gateway  
  92  8:59  Gateway  
  92  9:10  Phoenix x2  
  96  9:18  Zealot x2  
  96  9:19  Zealot x2  
  104  9:25  Probe x3  
  107  9:31  Photon Cannon  
  107  9:59  Zealot  
  105  10:00  Zealot x7  
  109  10:25  Phoenix x2  
  109  10:27  Protoss Ground Weapons Level 2  
  109  10:28  Protoss Shields Level 2  
  113  10:30  Protoss Air Weapons Level 1  
  113  10:34  High Templar x3  
  119  10:44  Assimilator x2  
  119  10:48  Photon Cannon  
  119  10:58  Psionic Storm  
  119  11:02  Phoenix  
  121  11:07  Phoenix  
  123  11:22  Photon Cannon  
  123  11:23  Photon Cannon  
  123  11:24  Photon Cannon  
  123  11:25  Photon Cannon  
  123  11:27  Probe x3  
  126  11:35  Phoenix  
  126  11:36  Phoenix  
  126  11:39  Probe x3  
  133  11:45  Pylon  
  133  11:47  Pylon  
  133  11:52  Shield Battery  
  133  11:53  Shield Battery  
  133  12:05  Phoenix x2  
  137  12:12  High Templar  
  139  12:18  Fleet Beacon  
  87  13:26  Probe x3  
  90  13:32  Phoenix x2  
  94  13:35  Anion Pulse-Crystals  
  94  13:36  Zealot x3  
  94  13:37  Zealot x5  
  94  13:38  Probe x3  
  94  13:40  Protoss Ground Weapons Level 3  
  113  13:42  Protoss Air Weapons Level 2, Protoss Shields Level 3  
  113  13:50  Probe x3  
  113  13:54  Pylon  
  116  13:56  Pylon  
  116  13:57  Pylon  
  116  14:02  Probe x3  
  118  14:04  Tempest x2  
  113  14:54  Stalker x4  
  113  14:55  Stalker x4  
  113  14:58  Tempest x2  
  139  15:00  Stargate  
  139  15:08  Stargate  
  139  15:10  Cybernetics Core  
  139  15:20  High Templar x3  
  139  15:21  High Templar  
  147  15:25  Nexus  
  147  15:35  Nexus  
  147  15:46  Tempest  
  147  15:48  Tempest  
  153  16:12  Zealot x7  
Show
View Real Time Build Order
Export as new Build Order

Ted Terran 

Build Orders:  

Get SALT Encoding   

  12  0:01  SCV  
  13  0:18  SCV, Supply Depot  
  14  0:30  SCV  
  15  0:42  Supply Depot  
  15  0:46  Barracks  
  15  0:48  SCV  
  16  0:56  Refinery  
  16  1:28  SCV  
  17  1:34  Marine  
  17  1:36  Refinery  
  18  1:46  SCV  
  19  2:02  Marine, Command Center  
  19  2:12  Bunker  
  19  2:17  SCV  
  20  2:29  Orbital Command  
  20  2:44  Barracks  
  20  2:58  Barracks  
  20  3:06  Marine  
  20  3:12  SCV  
  22  3:20  SCV  
  22  3:24  Marine  
  22  3:25  SCV  
  25  3:33  Barracks Tech Lab  
  25  3:39  Factory, SCV  
  26  3:42  Marine  
  25  4:00  Marine  
  25  4:02  Marine x2  
  27  4:05  SCV  
  27  4:08  SCV  
  29  4:17  Marine  
  29  4:18  SCV, Stimpack  
  29  4:20  Reaper, SCV  
  33  4:30  SCV  
  34  4:32  SCV  
  34  4:35  Factory Reactor  
  34  4:37  Starport  
  35  4:43  SCV  
  35  4:45  Barracks Tech Lab, SCV  
  37  4:51  Barracks  
  37  4:59  Marine, Marauder  
  40  5:05  Orbital Command  
  40  5:11  Supply Depot  
  40  5:13  SCV  
  37  5:34  Marine x2  
  37  5:35  Marine  
  36  5:52  Marine x3  
  39  6:08  SCV  
  39  6:09  SCV  
  41  6:13  Engineering Bay  
  41  6:16  Marine  
  42  6:20  Marine, SCV  
  42  6:21  SCV  
  42  6:24  Concussive Shells  
  45  6:26  Barracks Tech Lab  
  46  6:32  SCV  
  46  6:41  Supply Depot  
  46  6:43  Marine  
  46  6:44  SCV x2, Medivac x2  
  53  6:56  SCV  
  53  6:59  Missile Turret x2  
  54  7:02  SCV, Terran Infantry Weapons Level 1  
  54  7:08  SCV  
  48  7:24  Marine  
  48  7:25  Marauder x2  
  55  7:30  Marauder  
  55  7:31  SCV  
  56  7:42  Marine  
  56  7:43  SCV  
  58  7:45  Marine  
  58  7:46  Marauder, SCV  
  62  7:55  Refinery  
  62  7:57  Supply Depot  
  62  7:58  Supply Depot  
  62  8:06  Factory Tech Lab  
  62  8:11  Combat Shield  
  62  8:18  Marine, SCV x2  
  62  8:19  Marauder x2  
  69  8:20  Marauder, Medivac  
  73  8:30  SCV x2  
  75  8:36  Siege Tank  
  78  8:57  Supply Depot  
  78  9:00  Supply Depot  
  78  9:05  Supply Depot  
  78  9:18  Marine x2, SCV, Siege Tank  
  78  9:19  Marauder  
  78  9:21  Marine  
  87  9:29  SCV  
  87  9:30  SCV  
  89  9:34  Supply Depot  
  89  9:36  Marine x2  
  91  9:39  Marine  
  91  9:40  Marauder  
  91  9:41  SCV  
  91  9:42  SCV  
  96  9:50  Siege Tank  
  98  9:54  Marine x2  
  98  9:58  Marauder  
  101  10:01  Marauder  
  93  10:11  Marine  
  73  10:18  Marauder  
  73  10:19  Marauder  
  71  10:23  Marauder  
  71  10:27  Medivac  
  71  10:28  Medivac  
  77  10:29  Marine, SCV  
  77  10:33  Factory Reactor  
  79  10:39  Marauder  
  79  10:40  Marine  
  79  10:42  Barracks, SCV  
  83  10:43  Marine  
  83  10:47  Marine  
  85  10:54  SCV  
  85  10:56  Barracks  
  86  10:57  Medivac  
  86  10:58  Marauder  
  86  11:01  Marine, Marauder  
  93  11:05  Marine  
  93  11:08  Supply Depot  
  94  11:11  Refinery  
  94  11:17  Hellion x2  
  98  11:19  Marine  
  98  11:20  Marauder  
  98  11:22  Marauder  
  98  11:23  Marine  
  98  11:25  Terran Infantry Armor Level 1  
  104  11:27  Medivac  
  104  11:28  Medivac  
  104  11:32  Marine  
  109  11:37  Marauder, Supply Depot  
  109  11:39  Hellion x2  
  115  11:40  Marine  
  115  11:41  Marauder, Supply Depot  
  118  11:58  Marine x2  
  118  11:59  Marauder  
  118  12:00  Hellion  
  124  12:02  Marine  
  124  12:03  Command Center  
  124  12:04  Marine x2  
  127  12:09  Hellion  
  129  12:16  Marine, Marauder  
  129  12:20  Marine x2  
  134  12:29  Marine  
  134  12:32  Hellion  
  133  12:38  Hellion  
  134  12:45  Marine x2  
  134  12:54  Marine  
  134  12:56  Marine  
  68  13:32  Marine x6  
  74  13:49  Marine  
  74  13:50  Marine x5  
  74  13:52  Medivac x2  
  84  14:07  Marine  
  84  14:08  Marine x5  
  90  14:17  Planetary Fortress  
  90  14:22  Medivac x2  
  90  14:23  Missile Turret  
  94  14:25  Marine  
  94  14:26  Marine x4  
  91  14:31  SCV  
  86  14:42  Marine  
  86  14:43  Marine x2, SCV  
  86  14:44  Marine x3  
  88  14:52  Medivac  
  85  14:53  SCV  
  85  14:55  SCV  
  87  15:00  Marine  
  87  15:01  Marine x2  
  87  15:04  SCV  
  87  15:06  SCV  
  92  15:07  SCV  
  92  15:14  Marine x2  
  94  15:18  SCV  
  94  15:19  SCV, Medivac  
  99  15:30  SCV  
  99  15:31  SCV  
  101  15:37  Refinery  
  101  15:39  Refinery  
  101  15:47  Marine  
  98  16:08  SCV  
  99  16:20  SCV  
Tags
 
Add a new tag
Caveats
  • Supply blocks, unpowered buildings, or Contaminate may cause inaccurate times.
  • Supply counts are checked every 10 seconds.